 Dungeon Crawl Stone Soup version 0.29-a0-857-g9b1aa3ac5b (webtiles) character file.

Game seed: 9562259061603937505

399 quixfox the Chopper (level 6, -3/56 HPs)
             Began as a Hill Orc Fighter on July 17, 2022.
             Killed from afar by an orc wizard (12 damage)
             ... with a puff of flame
             ... on level 3 of the Dungeon.
             The game lasted 00:06:15 (2814 turns).

quixfox the Chopper (Hill Orc Fighter)              Turns: 2814, Time: 00:06:16

Health: -3/56      AC:  9    Str: 21    XL:     6   Next: 84%
Magic:  6/6        EV:  7    Int:  8    God:
Gold:   143        SH:  4    Dex: 10    Spells: 5/5 levels left

rFire   . . .      SeeInvis .   a - +0 war axe
rCold   . . .      Faith    .   c - +0 buckler
rNeg    . . .      Spirit   .   l - +0 chain mail
rPois   .          Reflect  .   (no helmet)
rElec   .          Harm     .   (no cloak)
rCorr   .          Rampage  .   (no gloves)
Will    .....                   (no boots)
Stlth   ..........              (no amulet)
HPRegen 0.18/turn               (no ring)
MPRegen 0.10/turn               (no ring)

@: no status effects
A: no striking features
a: no special abilities


You were on level 3 of the Dungeon.
You visited 1 branch of the dungeon, and saw 3 of its levels.

You collected 143 gold pieces.

Inventory:

Hand Weapons
 a - a +0 war axe (weapon)
 m - a +0 broad axe
Armour
 c - a +0 buckler (worn)
 l - a +0 chain mail (worn)
Jewellery
 o - an amulet of faith
Wands
 b - a wand of polymorph (2)
Scrolls
 d - a scroll of silence {unknown}
 e - 5 scrolls of identify {unknown}
 f - 2 scrolls of enchant weapon {unknown}
 h - a scroll of blinking {unknown}
 i - a scroll of immolation {unknown}
 j - a scroll of enchant armour {unknown}
 n - a scroll of summoning {unknown}
 p - a scroll of teleportation {unknown}
Potions
 g - a potion of attraction {unknown}


   Skills:
 + Level 5.4 Fighting
 * Level 6.9 Axes
 + Level 4.9 Armour
 - Level 3.2 Shields


You had 5 spell levels left.
You didn't know any spells.
Your spell library contained the following spells:

 Spells                   Type           Power      Damage    Failure   Level
 Slow                     Hex            0%         N/A       99%         1
 Confusing Touch          Hex            0%         N/A       100%        3
 Vampiric Draining        Necr           0%         2d6       100%        3


Dungeon Overview and Level Annotations

Branches:
Dungeon (3/15)

Altars:
Cheibriados

Shops:
D:1 :   D:2 (


Message History

Something tries to affect you, but you resist.
You closely miss something. Something hits you but does no damage.
You miss something. Something completely misses you.
You hit something.
You hear some strange, mumbled words.
You are confused.
You bump into the rock wall.
Something hits you but does no damage. Something hits you.
* * * LOW HITPOINT WARNING * * *
Things that are here:
a +0 falchion; an orc corpse You are more confused.
You feel invigorated.
You hear some strange, mumbled words.
A magic dart appears from out of thin air!
The magic dart hits you but does no damage.
You bump into the rock wall.
Something hits you.
* * * LOW HITPOINT WARNING * * *
You feel less invigorated. Something hits you but does no damage.
Something hits you.
* * * LOW HITPOINT WARNING * * *
You bump into the rock wall.
Something hits you but does no damage.
You closely miss something. Something hits you.
* * * LOW HITPOINT WARNING * * *
Something hits you but does no damage.
You're too confused to move!
You feel less confused. You block something's attack.
You miss something. Something hits you.
* * * LOW HITPOINT WARNING * * *
You hit something. Something hits you but does no damage.
You miss something. Something hits you but does no damage.
You hit something. Something hits you.
* * * LOW HITPOINT WARNING * * *
Unknown command.
You barely miss something.
An orc wizard appears from thin air!
Reactivating autopickup.
The orc wizard gestures at you while chanting.
The puff of flame hits you!
You die...

............
###.##.##### #.
###.##.#######.#####
....................
..#.....###.# ....
#.###.#..##.# #..#
#.###.#..##.# #..# #
.(.##.#..##.#
#.)##.#####
......#.....#
#@o))....)#
##.#.###..###
#.##.####.# ##.#.#
##.## #.# .# .†...#
#..# #.# .# .#.###
##.# #.# .. .#.#
#.## #.# ## .#.#
#..# #.# .#.#
##.####.##### .#.#
#..#.......#


You could see an orc wizard.

Vanquished Creatures
  Sigmund (D:2)
  An orc wizard (D:3)
  Natasha (thrice) (D:2)
  5 adders
  2 worms (D:2)
  A dart slug (D:2)
  3 orcs (D:3)
  5 endoplasms
  3 giant cockroaches
  8 goblins
  13 hobgoblins
  2 jackals (D:3)
  6 ball pythons
  5 bats
  6 frilled lizards
  8 kobolds
  6 rats
78 creatures vanquished.

Vanquished Creatures (others)
  A plant (D:1)
1 creature vanquished.

Grand Total: 79 creatures vanquished

Notes
Turn   | Place    | Note
-------+----------+-------------------------------------------
     0 | D:1      | quixfox the Hill Orc Fighter began the quest for the Orb.
     0 | D:1      | Reached XP level 1. HP: 19/19 MP: 1/1
    34 | D:1      | Found Qomoifry's Book Shoppe.
    72 | D:1      | Found a faded altar of an unknown god.
   101 | D:1      | Reached skill level 3 in Axes
   247 | D:1      | Reached XP level 2. HP: 26/27 MP: 2/2
   536 | D:1      | Reached XP level 3. HP: 33/33 MP: 3/3
   771 | D:2      | Reached skill level 4 in Axes
   912 | D:2      | Noticed Sigmund
  1235 | D:2      | Noticed Natasha
  1247 | D:2      | Killed Natasha
  1248 | D:2      | Reached XP level 4. HP: 21/41 MP: 4/4
  1740 | D:2      | Found Lolaopn's Weapon Emporium.
  1761 | D:2      | Reached skill level 5 in Axes
  1849 | D:2      | Reached XP level 5. HP: 42/47 MP: 5/5
  1983 | D:2      | Noticed Natasha
  1991 | D:2      | Killed Natasha
  2221 | D:2      | Killed Sigmund
  2222 | D:2      | Reached skill level 5 in Fighting
  2222 | D:2      | Reached skill level 6 in Axes
  2222 | D:2      | Reached XP level 6. HP: 54/56 MP: 6/6
  2331 | D:2      | Noticed Natasha
  2340 | D:2      | Killed Natasha
  2575 | D:3      | Found a snail-covered altar of Cheibriados.
  2814 | D:3      | Killed from afar by an orc wizard

Illustrated notes

Levels and vault maps discovered:
D:1:      lightli_arrival_flooded_house, layout_basic, basic_ecumenical_altar,
          serial_shops, nicolae_shop_crystal, serial_forest,
          infiniplex_forest_lined_2, infiniplex_forest_clump_large,
          infiniplex_forest_lined_room_2, infiniplex_forest_lined_corner,
          infiniplex_forest_clump_double, infiniplex_forest_corner_1,
          infiniplex_forest_straight_3
D:2:      layout_loops_cross, serial_shops, shop, roderic_cross_of_infinity,
          grunt_ministairs_15, minmay_split_cup_large, uniq_natasha,
          uniq_sigmund
D:3:      layout_basic, mainiacjoe_overflow_24_doors

Skill      XL: |  1  2  3  4  5 |
---------------+----------------+-----
Axes           | 3 4 5 6 |  6.9
Fighting       | 4 5 |  5.4
Armour         | 4 |  4.9
Shields        | |  3.2

Action                   |  1- 3 |  4- 6 || total
-------------------------+-------+-------++-------
Melee: War axe           |   110 |   147 ||   257
       Unarmed           |     1 |       ||     1
  Use: Potion            |     1 |     5 ||     6
Armor: Scale mail        |    51 |     4 ||    55
       Chain mail        |       |    63 ||    63
       Skin              |       |     5 ||     5
Dodge: Dodged            |    52 |    50 ||   102
Block: Buckler           |    24 |    27 ||    51

Table legend: (Time is in decaauts)
 A = Elapsed time spent in this place.
 B = Non-inter-level travel time spent in this place.
 C = Inter-level travel time spent in this place.
 D = Time resting spent in this place.
 E = Time spent auto-exploring this place.
 F = Levels seen in this place.
 G = Mean time per level.
                   A        B        C        D        E       F      G
               +--------+--------+--------+--------+--------+-----+--------+
         Total |   2885 |   2804 |     81 |    493 |   1641 |   3 |  961.7 |
       Dungeon |   2885 |   2804 |     81 |    493 |   1641 |   3 |  961.7 |
               +--------+--------+--------+--------+--------+-----+--------+

Top non-repeatable levels by time:
     D:2: 1485 daAuts
     D:1: 928 daAuts
     D:3: 471 daAuts
